 Dungeon Crawl Stone Soup version 0.31-a0-1576-ga3383bade6 (webtiles) character file.

Game seed: 3093742629385451201

46521 Atlas the Mimic (level 14, 0/96 HPs)
             Began as a Demonspawn Shapeshifter on Jan 4, 2024.
             Was an Initiate of Gozag.
             Slain by a skyshark (3 damage)
             ... on level 5 of the Lair of Beasts.
             The game lasted 00:29:11 (22455 turns).

Atlas the Mimic (Demonspawn Shapeshifter)          Turns: 22455, Time: 00:29:12

Health: 0/96       AC: 25    Str: 24    XL:     14   Next: 5%
Magic:  14/14      EV: 11    Int: 15    God:    Gozag
Gold:   2283       SH:  0    Dex: 14    Spells: 13/13 levels left

rFire   . .          .
                       - Unarmed
rCold   + + +        e - melded +1 kite shield {AC+3}
rNeg    . . .        W - +4 chain mail of Toizeosch {Rampage Str+3 Int+3}
rPois   .            V - +1 hat
rElec   +            (no cloak)
rCorr   .            (gloves currently unavailable)
SInv    +            t - +2 pair of boots {Stlth+}
Will    +++..        Z - amulet of Ceipaat {Acrobat rElec Str+3 Int+3}
Stlth   +++          O - ring "Amimaezoli" {rC+ Will++ Stlth+}
HPRegen 0.36/turn    g - ring of Leuzoomm {rC++ Int-2 SInv Stlth+}
MPRegen 0.14/turn

%: acrobat, rampage
@: blade hands, gold aura, sanguine armoured, slowed, studying Shields, very
slow
A: demonic guardian 2, ignite blood 1, sanguine armour 3
a: Begin Untransformation, Renounce Religion, Potion Petition, Call Merchant,
Bribe Branch


You were on level 5 of the Lair of Beasts.
You worshipped Gozag.
Gozag was most pleased with you.
You had blades for hands.
You visited 3 branches of the dungeon, and saw 19 of its levels.
You also visited: Gauntlet.

You collected 4064 gold pieces.
You spent 983 gold pieces at shops.
You paid 798 gold pieces to Gozag.

Inventory:

Missiles
 k - 6 silver javelins
 E - 26 poisoned darts
Armour
 e - a +1 kite shield of protection (melded)
 t - a +2 pair of boots of stealth (worn)
 V - a +1 hat (worn)
 W - the +4 chain mail of Toizeosch (worn) {Rampage Str+3 Int+3}
   (You found it on level 12 of the Dungeon)

   Str+3:     It affects your strength (+3).
   Int+3:     It affects your intelligence (+3).
   Rampage:   It bestows one free step when moving towards enemies.
Jewellery
 g - the ring of Leuzoomm (right blade hand) {rC++ Int-2 SInv Stlth+}
   (You bought it in a shop on level 12 of the Dungeon)

   [ring of see invisible]

   Int-2:     It affects your intelligence (-2).
   rC++:      It greatly protects you from cold.
   SInv:      It lets you see invisible.
   Stlth+:    It makes you more stealthy.
 m - a ring of protection from fire
 p - a ring of willpower
 q - an amulet of reflection
 M - a ring of resist corrosion
 O - the ring "Amimaezoli" (left blade hand) {rC+ Will++ Stlth+}
   (You found it on level 3 of the Lair of Beasts)

   [ring of protection from cold]

   rC+:       It protects you from cold.
   Will++:    It greatly increases your willpower.
   Stlth+:    It makes you more stealthy.
 Z - the amulet of Ceipaat (around neck) {Acrobat rElec Str+3 Int+3}
   (You found it in a Gauntlet)

   [amulet of the acrobat]

   Acrobat:   It increases your evasion while moving and waiting.
   Str+3:     It affects your strength (+3).
   Int+3:     It affects your intelligence (+3).
   rElec:     It insulates you from electricity.
Talismans
 d - a flux talisman
 w - a maw talisman
 F - a blade talisman (active)
 H - a beast talisman
Wands
 c - a wand of light (14)
 l - a wand of flame (36)
 C - a wand of polymorph (23)
 D - a wand of iceblast (18)
 L - a wand of mindburst (11)
 P - a wand of paralysis (8)
Scrolls
 j - 4 scrolls of enchant armour
 n - 6 scrolls of immolation
 r - 6 scrolls of fog
 s - 5 scrolls of brand weapon
 v - a scroll of revelation
 x - a scroll of teleportation
 y - 2 scrolls of noise
 z - 2 scrolls of amnesia {unknown}
 B - 4 scrolls of fear
 N - a scroll of vulnerability {unknown}
 Q - 4 scrolls of blinking
 S - a scroll of silence {unknown}
 U - 2 scrolls of poison
 X - a scroll of enchant weapon {unknown}
 Y - 2 scrolls of identify
Potions
 a - 6 potions of heal wounds
 b - 4 potions of lignification
 f - 3 potions of curing
 h - 2 potions of mutation
 i - 8 potions of brilliance
 u - 2 potions of enlightenment
 A - a potion of resistance
 G - a potion of berserk rage {unknown}
 I - 2 potions of might {unknown}
 J - 3 potions of attraction
 K - 2 potions of haste {unknown}
 R - 2 potions of magic {unknown}
 T - a potion of cancellation {unknown}
Miscellaneous
 o - a condenser vane


   Skills:
 + Level 4.4 Fighting
 + Level 1.3 Throwing
 + Level 5.8 Armour
 + Level 6.0 Dodging
 - Level 4.0 Stealth
 + Level 8.2 Shields
 + Level 12.8 Unarmed Combat
 + Level 13.7 Shapeshifting


You had 13 spell levels left.
You didn't know any spells.
Your spell library contained the following spells:

 Spells                   Type           Power      Damage    Failure   Level
 Sandblast                Erth           0%         2d4       80%         1
 Slow                     Hex            0%         N/A       80%         1
 Scorch                   Fire           0%         2d5       90%         2
 Sublimation of Blood     Necr           0%         N/A       90%         2
 Confusing Touch          Hex            0%         N/A       99%         3
 Gell's Gravitas          Tloc           0%         N/A       99%         3
 Passwall                 Erth           0%         N/A       99%         3
 Sigil of Binding         Hex            0%         N/A       99%         3
 Stone Arrow              Conj/Erth      0%         3d7       99%         3
 Teleport Other           Tloc           0%         N/A       99%         3
 Tukima's Dance           Hex            0%         N/A       99%         3
 Vampiric Draining        Necr           0%         2d6       99%         3
 Volatile Blastmotes      Fire/Tloc      0%         2d10      99%         3
 Animate Armour           Summ/Erth      0%         N/A       100%        4
 Brom's Barrelling Bould  Conj/Erth      0%         2d3       100%        4
 Flame Wave               Conj/Fire      0%         2d4       100%        4
 Fulminant Prism          Conj/Alch      0%         3d5       100%        4
 Iskenderun's Mystic Bla  Conj/Tloc      0%         2d3       100%        4
 Manifold Assault         Tloc           0%         N/A       100%        4
 Passage of Golubria      Tloc           0%         N/A       100%        4
 Petrify                  Alch/Erth      0%         N/A       100%        4
 Fireball                 Conj/Fire      0%         3d3       100%        5
 Irradiate                Conj/Alch      0%         3d11      100%        5
 Iskenderun's Battlesphe  Conj           0%         2d6       100%        5
 Yara's Violent Unravell  Hex/Alch       0%         3d3       100%        5
 Conjure Ball Lightning   Conj/Air       0%         3x3d6     100%        6
 Dispersal                Tloc           0%         N/A       100%        6
 Summon Cactus Giant      Summ           0%         N/A       100%        6
 Orb of Destruction       Conj           0%         9d5       100%        7
 Disjunction              Tloc           0%         N/A       100%        8
 Lehudib's Crystal Spear  Conj/Erth      0%         10d2      100%        8


Dungeon Overview and Level Annotations

Branches:
Dungeon (13/15)            Temple (1/1) D:4            Lair (5/5) D:11
 Shoals (0/4) Lair:3       Spider (0/4) Lair:2        Slime (0/5) Lair:4
    Orc (0/2) D:9         Gauntlet (visited)
 Vaults: D:13-14

Altars:
Ashenzari
Cheibriados
Dithmenos
Fedhas
Gozag
Hepliaklqana
Kikubaaqudgha
Makhleb
Nemelex Xobeh
Okawaru
Qazlal
Ru
Sif Muna
Trog
Uskayaw
Vehumet
Wu Jian
Xom
Yredelemnul
Jiyva

Shops:
D:3 [   D:12 =   D:13 =

Annotations:
D:9 2 transporters, DeathSocks's ghost, novice HOFi
D:12 2 transporters, Lecwung's ghost, journeyman OpSh
Lair:3 3 runed translucent doors, jlumianski's ghost, journeyman GnSh


Innate Abilities, Weirdness & Mutations

You have blades for hands.
You are incapable of wielding weapons or throwing items.
A demonic guardian rushes to your aid.
Your demonic aura sometimes causes spilled blood to erupt in flames.
When seriously injured, your blood forms very thick armour. (AC +12)


Message History

The elephant attacks as it pursues you! The elephant completely misses you.
The elephant misses you.
The wind drake exhales a fierce blast of wind!
The rime drake is knocked back by the gust of wind.
The elephant is knocked back by the gust of wind.
The rime drake breathes ice at you. The icy flash freeze hits you!
You partially resist.
* * * LOW HITPOINT WARNING * * *
A demonic guardian appears!
You are encased in ice.
Unknown command.
The wind drake flaps its wings at you. The air twists around and strikes you.
The elephant closely misses your sun demon.
The elephant trunk-slaps your sun demon.
The rime drake closely misses you.
Your sun demon hits the rime drake!
The rime drake is engulfed in flames!
The water moccasin barely misses you.
A skyshark comes into view.
There is a stone staircase leading up here.
Unknown command.
Unknown command.
The ice encasing you melts away. The wind drake flaps its wings at you.
The air twists around and strikes you.
The water moccasin bites you but does no damage.
The skyshark bites you but does no damage.
The skyshark tail-slaps you.
* * * LOW HITPOINT WARNING * * *
The skyshark tail-slaps you.
* * * LOW HITPOINT WARNING * * *
The rime drake bites your sun demon. The elephant tramples your sun demon.
Your sun demon holds its ground!
The elephant closely misses your sun demon.
Your sun demon hits the rime drake!
The rime drake dies!
The wind drake bites your sun demon. The water moccasin barely misses you.
The skyshark bites you but does no damage.
The skyshark barely misses you. The skyshark tail-slaps you.
You die...
Your body crumbles into a pile of gold.

...###.##....P##
~..#.#.##....##
.~.....#YP...##
~~Pw.....F....#
~............##
~.....YF.l...#
~....YYkYF...#
~.....3SFY..###
..#...$@......#
~~~.......#.....#
~##...#..........
~..#...........##
................#
...............##
#^###..........
## ##.........


You could see 3 skysharks, 6 elephants, a wind drake (repels missiles, ally
target), a torpor snail, a komodo dragon, a cane toad, a water moccasin and a
friendly sun demon (summoned, slow).

Vanquished Creatures
  Rupert (D:12)
  Gastronok (Lair:2)
  Nessos (Lair:3)
  A minotaur (Gauntlet)
  A hydra (Lair:5)
  A boulder beetle (D:11)
  A catoblepas (D:13)
  5 death yaks (Lair:1)
  2 tengu warriors
  2 skysharks (Lair:5)
  A fire crab (Gauntlet)
  A skeletal warrior (D:11)
  Pikel (D:9)
  An ugly thing (D:13)
  A manticore (Lair:5)
  2 cyclopes
  Maurice (D:7)
  10 elephants
  3 black mambas
  2 unseen horrors
  10 cane toads
  2 rime drakes
  Maggie (D:6)
  10 komodo dragons
  A freezing wraith (D:12)
  Psyche (D:8)
  2 tengu conjurers (Gauntlet)
  3 trolls
  A wind drake (Lair:5)
  A merfolk (Lair:3)
  3 polar bears
  A snapping turtle (Lair:5)
  3 blink frogs (Lair:2)
  2 jumping spiders (Lair:2)
  3 culicivoras (Lair:2)
  9 shadows
  A wraith (D:13)
  4 water elementals (D:12)
  39 yaks
  2 wyverns
  3 fire bats (Gauntlet)
  A redback (Lair:2)
  5 basilisks
  A steam dragon (D:8)
  A naga (shapeshifter) (D:13)
  12 water moccasins
  2 orc warriors
  An ice beast (D:6)
  2 sky beasts
  2 ogres
  6 black bears
  9 wolves
  9 centaurs
  2 kobold brigands
  Blork the orc (D:4)
  2 gnoll sergeants
  13 bullfrogs
  A scorpion (D:4)
  A wight (D:6)
  An electric eel (Lair:3)
  4 howler monkeys
  A bombardier beetle (D:6)
  3 jellies
  6 orc priests
  4 hounds
  A sleepcap (D:5)
  Terence (D:2)
  3 iguanas
  9 orc wizards
  Robin (D:3)
  12 gnolls
  5 adders
  2 shadow imps
  2 white imps (D:6)
  2 ufetubi (D:7)
  2 ribbon worms (D:4)
  A dart slug (D:2)
  20 orcs
  10 ball pythons
  5 bats
  10 endoplasms
  4 giant cockroaches
  11 goblins
  11 hobgoblins
  4 jackals (D:2)
  14 kobolds
  2 quokkas
  A frilled lizard (D:2)
  5 rats
369 creatures vanquished.

Vanquished Creatures (collateral kills)
  A deep elf pyromancer (D:13)
  2 rime drakes
  2 yaks
  A fire elemental (Lair:5)
  A redback (Lair:2)
  2 centaurs (D:13)
  3 wights (D:6)
  A howler monkey (D:8)
  2 gnoll boudas (D:6)
  An orc priest (D:6)
  Crazy Yiuf (D:7)
  An orc wizard (D:3)
  3 gnolls (D:6)
  An endoplasm (D:3)
  A giant cockroach (D:2)
23 creatures vanquished.

Vanquished Creatures (others)
  A bombardier beetle (D:5)
  A kobold (D:6)
2 creatures vanquished.

Grand Total: 394 creatures vanquished

Notes
Turn   | Place    | Note
-------+----------+-------------------------------------------
     0 | D:1      | Atlas the Demonspawn Shapeshifter began the quest for the
                  | Orb.
     0 | D:1      | Reached XP level 1. HP: 15/15 MP: 1/1
   116 | D:1      | Gained mutation: Your demonic aura sometimes causes spilled
                  | blood to erupt in flames. [demonic ancestry]
   116 | D:1      | Reached XP level 2. HP: 17/21 MP: 2/2
   813 | D:2      | Noticed Terence
   870 | D:2      | Reached skill level 3 in Shapeshifting
   933 | D:2      | Reached XP level 3. HP: 11/26 MP: 3/3
  1016 | D:2      | Killed Terence
  1213 | D:2      | Gained mutation: A weak demonic guardian rushes to your
                  | aid. [demonic ancestry]
  1213 | D:2      | Reached XP level 4. HP: 18/32 MP: 4/4
  1293 | D:2      | Found a snail-covered altar of Cheibriados.
  1704 | D:3      | Noticed Robin
  1744 | D:3      | Killed Robin
  1745 | D:3      | Reached skill level 1 in Armour
  1851 | D:3      | Reached XP level 5. HP: 16/37 MP: 5/5
  2148 | D:3      | Gained mutation: When seriously injured, your blood forms
                  | armour. (AC +12) [demonic ancestry]
  2148 | D:3      | Reached XP level 6. HP: 4/43 MP: 6/6
  2358 | D:3      | Found Fiuh's Antique Armour Emporium.
  2472 | D:3      | Identified the ring "Qamyjul" {rN+ Dex+6}
  2800 | D:4      | Reached skill level 1 in Shields
  3042 | D:4      | Reached skill level 1 in Stealth
  3042 | D:4      | Reached skill level 5 in Unarmed Combat
  3314 | D:4      | Noticed Blork the orc
  3324 | D:4      | Killed Blork the orc
  3325 | D:4      | Reached XP level 7. HP: 41/48 MP: 7/7
  3364 | D:4      | Found a staircase to the Ecumenical Temple.
  3375 | D:4      | Identified the +1 spear "Pendulum" {venom, ^Drain rCorr
                  | Dex+3}
  3385 | Temple   | Entered the Ecumenical Temple
  3429 | Temple   | Became a worshipper of Gozag Ym Sagoz the Greedy
  3498 | D:5      | Entered Level 5 of the Dungeon
  4082 | D:5      | Gained mutation: A demonic guardian rushes to your aid.
                  | [demonic ancestry]
  4082 | D:5      | Reached XP level 8. HP: 37/56 MP: 8/8
  4881 | D:6      | HP: 1/56 [gnoll/+3 whip[a gnoll bouda] (5)]
  4888 | D:6      | HP: 1/56 [orc priest/divine providence (14)]
  5315 | D:6      | Found a sacrificial altar of Ru.
  5352 | D:6      | Noticed Maggie
  5421 | D:6      | Killed Maggie
  5422 | D:6      | Reached skill level 4 in Shapeshifting
  5613 | D:6      | Identified the +5 leather armour "Emuiw" {Rampage rPois rC-
                  | Slay+5}
  5845 | D:6      | Gained mutation: When seriously injured, your blood forms
                  | thick armour. (AC +12) [demonic ancestry]
  5845 | D:6      | Reached XP level 9. HP: 61/61 MP: 9/9
  6262 | D:7      | Noticed Maurice
  6270 | D:7      | Something stole a beast talisman
  6273 | D:7      | Something stole 6 silver javelins
  6274 | D:7      | Killed Maurice
  6406 | D:7      | Found a runed translucent door.
  6407 | D:7      | Noticed Crazy Yiuf
  6551 | D:7      | Found a sparkling altar of Nemelex Xobeh.
  6680 | D:7      | Killed Crazy Yiuf
  7505 | D:8      | Reached XP level 10. HP: 67/68 MP: 10/10
  7523 | D:8      | Noticed Psyche
  7531 | D:8      | Killed Psyche
  7629 | D:8      | Reached skill level 5 in Shapeshifting
  7953 | D:9      | Found a transporter.
  7955 | D:9      | Noticed DeathSocks's ghost (novice HOFi)
  7961 | D:9      | Noticed a moth of wrath
  7969 | D:9      | Found a transporter.
  8083 | D:9      | Noticed Pikel
  8091 | D:9      | Killed Pikel
  8092 | D:9      | Reached skill level 5 in Dodging
  8141 | D:9      | Found a staircase to the Orcish Mines.
  8607 | D:10     | Entered Level 10 of the Dungeon
  8612 | D:10     | Reached skill level 5 in Shields
  8662 | D:10     | Reached skill level 10 in Unarmed Combat
  8674 | D:10     | Noticed a cyclops
  8693 | D:10     | Killed a cyclops
 10081 | D:11     | Noticed a skeletal warrior
 10081 | D:11     | Noticed a skeletal warrior
 10100 | D:11     | Noticed a cyclops
 10104 | D:11     | Killed a cyclops
 10105 | D:11     | Reached skill level 6 in Shapeshifting
 10114 | D:11     | You fall into a shaft and drop 2 floors!
 10139 | D:13     | Noticed a white ugly thing
 10158 | D:13     | Noticed a catoblepas
 10166 | D:13     | Killed a catoblepas
 10167 | D:13     | Gained mutation: When seriously injured, your blood forms
                  | very thick armour. (AC +12) [demonic ancestry]
 10167 | D:13     | Reached XP level 11. HP: 45/75 MP: 11/11
 10476 | D:12     | Found Nismub's Jewellery Shop.
 10481 | D:12     | Bought the ring of Leuzoomm {rC++ Int-2 SInv Stlth+} for
                  | 533 gold pieces
 10500 | D:12     | Noticed Rupert
 10528 | D:12     | Killed Rupert
 11143 | D:11     | Noticed a skeletal warrior
 11577 | D:11     | Noticed a boulder beetle
 11647 | D:11     | Killed a boulder beetle
 11648 | D:11     | Reached skill level 1 in Throwing
 11687 | D:11     | Noticed a skeletal warrior
 11710 | D:11     | Killed a skeletal warrior
 11950 | D:11     | Found a staircase to the Lair.
 12432 | D:11     | Noticed a skeletal warrior
 12942 | D:12     | Noticed a shadow wraith
 12945 | D:12     | Noticed Lecwung's ghost (journeyman OpSh)
 13123 | D:12     | Found a transporter.
 13130 | D:12     | Found a transporter.
 13238 | D:12     | Identified the +4 chain mail of Toizeosch {Rampage Str+3
                  | Int+3}
 13320 | D:12     | Noticed a death knight
 13651 | D:13     | Reached skill level 7 in Shapeshifting
 13672 | D:13     | Killed a white ugly thing
 13738 | D:13     | Reached skill level 5 in Armour
 14140 | D:13     | Noticed a deep elf pyromancer
 14148 | D:13     | Killed a deep elf pyromancer
 14149 | D:13     | Reached XP level 12. HP: 83/83 MP: 12/12
 14153 | D:13     | Noticed a vault guard
 14265 | D:13     | Noticed a tengu warrior
 14273 | D:13     | Killed a tengu warrior
 14690 | D:13     | Bought a blade talisman for 450 gold pieces
 14734 | Lair:1   | Entered Level 1 of the Lair of Beasts
 14941 | Lair:1   | Noticed a death yak
 14941 | Lair:1   | Noticed a death yak
 14941 | Lair:1   | Noticed a death yak
 14942 | Lair:1   | Noticed a death yak
 14942 | Lair:1   | Noticed a death yak
 15186 | Lair:1   | Killed a death yak
 15187 | Lair:1   | Reached skill level 8 in Shapeshifting
 15213 | Lair:1   | Killed a death yak
 15433 | Lair:1   | Killed a death yak
 15437 | Lair:1   | Killed a death yak
 15438 | Lair:1   | Reached skill level 9 in Shapeshifting
 15452 | Lair:1   | Killed a death yak
 16216 | Lair:2   | Noticed Gastronok
 16343 | Lair:2   | Killed Gastronok
 16344 | Lair:2   | Reached skill level 10 in Shapeshifting
 17259 | Lair:2   | Reached skill level 11 in Shapeshifting
 17419 | Lair:2   | Found a hole to the Spider Nest.
 17954 | Lair:3   | Noticed Nessos
 17967 | Lair:3   | Killed Nessos
 17968 | Lair:3   | Reached XP level 13. HP: 49/88 MP: 13/13
 17985 | Lair:3   | Found a gate leading to a gauntlet.
 17996 | Lair:3   | Identified the ring "Amimaezoli" {rC+ Will++ Stlth+}
 18037 | Gauntlet | Entered a Gauntlet
 18037 | Gauntlet | Found a transporter.
 18037 | Gauntlet | Found a transporter.
 18206 | Gauntlet | Found a transporter.
 18210 | Gauntlet | Found a transporter.
 18218 | Gauntlet | Found a transporter.
 18222 | Gauntlet | Found a transporter.
 18230 | Gauntlet | Found a transporter.
 18247 | Gauntlet | Found a transporter.
 18263 | Gauntlet | Found a transporter.
 18266 | Gauntlet | Found a transporter.
 18274 | Gauntlet | Found a transporter.
 18278 | Gauntlet | Found a transporter.
 18684 | Gauntlet | Reached skill level 12 in Shapeshifting
 18797 | Gauntlet | Identified the amulet of Ceipaat {Acrobat rElec Str+3
                  | Int+3}
 18838 | Gauntlet | Noticed a minotaur
 18854 | Gauntlet | Killed a minotaur
 18971 | Gauntlet | Identified the +3 leather armour of Disappointment {rF++
                  | rC- Will- Regen+}
 19231 | Lair:3   | Found a runed translucent gate.
 19231 | Lair:3   | Found a runed translucent gate.
 19232 | Lair:3   | Found a runed translucent gate.
 19235 | Lair:3   | Noticed jlumianski's ghost (journeyman GnSh)
 19771 | Lair:3   | Found a staircase to the Shoals.
 20558 | Lair:4   | Found a viscous altar of Jiyva.
 20560 | Lair:4   | Found a staircase to the Slime Pits.
 20627 | Lair:4   | Reached skill level 13 in Shapeshifting
 21264 | Lair:5   | Entered Level 5 of the Lair of Beasts
 22187 | Lair:5   | Reached XP level 14. HP: 92/96 MP: 14/14
 22455 | Lair:5   | HP: 3/96 [skyshark (6)]
 22455 | Lair:5   | Slain by a skyshark

Illustrated notes

Levels and vault maps discovered:
D:1:      matt_arrival_grand_opening, layout_basic
D:2:      layout_rooms, basic_altar, serial_bayou_pond_b, moated_statue,
          dreamdust_mushroom_princess, uniq_terence
D:3:      layout_basic, serial_shops, shop, uniq_robin
D:4:      cheibrodos_quashed, layout_gridville, temple_hall, kennysheep_boxes,
          uniq_blork_the_orc
D:5:      layout_rooms
D:6:      layout_basic, kennysheep_little_box, uniq_maggie
D:7:      layout_basic, mainiacjoe_overflow_small_starburst,
          uniq_crazy_yiuf_cottage, uniq_maurice
D:8:      layout_loops_corners, uniq_psyche
D:9:      layout_gridville, orc_0_dummy, gammafunk_ghost_berserking_beasts,
          uniq_pikel
D:10:     nicolae_whirlpool, layout_basic, lemuel_flamethrower_1
D:11:     layout_loops_ring, david_lair_generic, bh_walls_and_bars
D:12:     layout_stronghold, gammafunk_ghost_mausoleum, serial_shops,
          nicolae_shop_rolling_square, nicolae_underground_beach, uniq_rupert
D:13:     layout_small_grid, grunt_vaults_entry_fortified
Temple:   mainiacjoe_temple_cubbyholes
Lair:1:   layout_regular_city
Lair:2:   layout_gridlike, nicolae_spider_entry_tight_spaces,
          hibernation_bobbens, uniq_gastronok
Lair:3:   layout_cellular_growth, elwin_shoals_entry_rooms,
          gauntlet_entry_generic, gammafunk_ghost_hydra_chop,
          grunt_megastairs_2, uniq_nessos
Lair:4:   layout_cellular_growth, slime_entry_2, grunt_megastairs_3
Lair:5:   gammafunk_lair_ancient_temple, layout_gridlike,
          gammafunk_ghost_necromancy, serial_bayou_shore_b

Skill      XL: |  1  2  3  4  5  6  7  8  9 10 11 12 13 |
---------------+----------------------------------------+-----
Unarmed Combat | 3 4 5 6 7 9 10 12 | 12.8
Dodging        | 2 3 4 5 6 |  6.0
Shapeshifting  | 3 4 6 7 11 13 | 13.7
Armour         | 1 2 3 4 5 |  5.8
Shields        | 1 2 3 4 6 7 8 |  8.2
Stealth        | 1 2 4 |  4.0
Fighting       | 2 3 4 |  4.4
Throwing       | 1 |  1.3

Action                     |  1- 3 |  4- 6 |  7- 9 | 10-12 | 13-15 || total
---------------------------+-------+-------+-------+-------+-------++-------
  Melee: Unarmed           |   104 |   198 |   318 |   518 |   311 ||  1449
         Punch             |       |       |       |       |    25 ||    25
  Throw: Javelin           |     2 |       |       |     7 |       ||     9
         Throwing net      |       |       |       |     1 |       ||     1
 Invoke: Call Merchant     |       |       |       |     1 |       ||     1
  Evoke: Wand              |       |       |       |     1 |     1 ||     2
    Use: Potion            |     1 |       |     2 |     4 |     1 ||     8
         Scroll            |       |       |       |    22 |       ||    22
   Stab: Sleeping          |     1 |     2 |     4 |     5 |     7 ||    19
         Distracted        |       |       |     3 |     1 |       ||     4
         Invisible         |       |       |       |       |     3 ||     3
 Armour: Animal skin       |    20 |       |       |       |       ||    20
         Leather armour    |    43 |   102 |   147 |    80 |       ||   372
         Skin              |     8 |       |       |    22 |       ||    30
         Chain mail        |       |       |       |   170 |   237 ||   407
  Dodge: Dodged            |    49 |    92 |   138 |   145 |   156 ||   580
  Block: Buckler           |    17 |    54 |   144 |   203 |    35 ||   453
         Reflection        |       |     2 |     3 |    12 |     1 ||    18
         Kite shield       |       |       |       |       |    10 ||    10
   Form: Beast             |       |       |       |     1 |     1 ||     2
         Maw               |       |       |       |     1 |       ||     1
         Blade             |       |       |       |       |     3 ||     3
                           |       |       |       |       |     1 ||     1

Table legend: (Time is in decaauts)
 A = Elapsed time spent in this place.
 B = Non-inter-level travel time spent in this place.
 C = Inter-level travel time spent in this place.
 D = Time resting spent in this place.
 E = Time spent auto-exploring this place.
 F = Levels seen in this place.
 G = Mean time per level.
                   A        B        C        D        E       F      G
               +--------+--------+--------+--------+--------+-----+--------+
         Total |  22307 |  21592 |    715 |   3171 |  14593 |  20 | 1115.3 |
       Dungeon |  14617 |  14007 |    610 |   1849 |   9721 |  13 | 1124.4 |
        Temple |     74 |     44 |     30 |      0 |      0 |   1 |   74.0 |
          Lair |   6637 |   6562 |     75 |   1049 |   4512 |   5 | 1327.4 |
      Gauntlet |    976 |    976 |      0 |    271 |    360 |   1 |  976.0 |
               +--------+--------+--------+--------+--------+-----+--------+

Top non-repeatable levels by time:
    D:11: 1927 daAuts
    D:10: 1698 daAuts
  Lair:2: 1593 daAuts
  Lair:1: 1560 daAuts
     D:6: 1356 daAuts
    D:13: 1317 daAuts
  Lair:4: 1301 daAuts
    D:12: 1177 daAuts
  Lair:3: 1154 daAuts
     D:3: 1088 daAuts
     D:8: 1078 daAuts
  Lair:5: 1027 daAuts
Gauntlet: 976 daAuts
     D:5: 954 daAuts
     D:4: 900 daAuts
